 Dungeon Crawl Stone Soup version 0.32-a0-475-g46bb8dd (webtiles) character file.

Game seed: 14905305322809728972

64 Remcycle the Chopper (level 4, 0/35 HPs)
             Began as a Formicid Fighter on Feb 25, 2024.
             Slain by a gnoll
             ... wielding a +0 spear
              (1 damage)
             ... on level 3 of the Dungeon.
             The game lasted 00:03:44 (1837 turns).

Remcycle the Chopper (Formicid Fighter)             Turns: 1837, Time: 00:03:45

Health: 0/35       AC:  7    Str: 23    XL:     4   Next: 32%
Magic:  4/4        EV:  9    Int:  8    God:
Gold:   97         SH:  5    Dex: 15    Spells: 3/3 levels left

rFire   + . .        a - +0 war axe
rCold   . . .        c - +0 buckler
rNeg    . . .        b - +0 scale mail
rPois   .            (helmet unavailable)
rElec   .            n - -1 cloak of the Present {Rampage *Corrode Str+3}
rCorr   .            (no gloves)
SInv    +            (no boots)
Will    +....        (no amulet) Stlth
                     i - ring of willpower
HPRegen 0.25/turn    k - ring of protection from fire
MPRegen 0.09/turn

%: corrode self (3%), rampage
@: no status effects
A: permanent stasis, dig shafts and tunnels, antennae 3, four strong arms
a: Dig, Shaft Self


You were on level 3 of the Dungeon.
You visited 1 branch of the dungeon, and saw 3 of its levels.

You collected 97 gold pieces.

Inventory:

Hand Weapons
 a - a +0 war axe (weapon)
Armour
 b - a +0 scale mail (worn)
 c - a +0 buckler (worn)
 n - the -1 cloak of the Present (worn) {Rampage *Corrode Str+3}
   (You found it on level 2 of the Dungeon)

   Str+3:     It affects your strength (+3).
   *Corrode:  It may corrode you when you take damage.
   Rampage:   It bestows one free step when moving towards enemies.
Jewellery
 i - a ring of willpower (left hand)
 k - a ring of protection from fire (right hand)
Scrolls
 g - 2 scrolls of identify {unknown}
 h - a scroll of enchant weapon {unknown}
 m - a scroll of teleportation {unknown}
Potions
 d - 3 potions of might
 e - a potion of heal wounds {unknown}
 f - 2 potions of curing {unknown}
 j - a potion of haste {unknown}
 l - a potion of enlightenment {unknown}
 o - a potion of resistance {unknown}


   Skills:
 - Level 3.2 Fighting
 + Level 4.3 Axes
 - Level 3.2 Armour
 - Level 4.0 Shields


You had 3 spell levels left.
You didn't know any spells.
Your spell library contained the following spells:

 Spells                   Type           Power      Damage    Failure   Level
 Summon Small Mammal      Summ           0%         N/A       78%         1
 Call Canine Familiar     Summ           0%         N/A       98%         3
 Summon Blazeheart Golem  Fire/Summ      0%         N/A       100%        4


Dungeon Overview and Level Annotations

Branches:
Dungeon (3/15)

Altars:

Shops:
D:1 =


Innate Abilities, Weirdness & Mutations

You cannot be hasted, slowed, berserked, paralysed or teleported.
You can dig through walls and to a lower floor.
You have a pair of large antennae on your head. (SInv)
Your four strong arms can wield two-handed weapons with a shield.


Message History

You see here a throwing net.
You hit the gnoll but do no damage. The gnoll completely misses you.
The gnoll throws a throwing net.
The throwing net hits you.
You become entangled in the net!
You are held in a net!
You are held in a net!
You are held in a net!
There are monsters nearby!
You struggle against the net.
The gnoll barely misses you.
The gnoll hits you from afar with a +0 spear.
The hobgoblin hits you but does no damage.
You struggle against the net.
The gnoll barely misses you.
The gnoll hits you from afar with a +0 spear.
The hobgoblin barely misses you.
You rip the net and break free!
The gnoll hits you with a +0 halberd! You block the gnoll's attack.
The hobgoblin barely misses you.
You completely miss the gnoll. You barely miss the hobgoblin.
The gnoll hits you from afar with a +0 spear.
The hobgoblin completely misses you. You block the gnoll's attack.
The gnoll barely misses you. The hobgoblin barely misses you.
You hit the gnoll but do no damage. You hit the hobgoblin.
You kill the hobgoblin!
You barely miss the gnoll. x2; The gnoll barely misses you.
The gnoll hits you from afar with a +0 spear.
The gnoll closely misses you.
You closely miss the gnoll. x2; You hit the gnoll.
The gnoll closely misses you. The gnoll hits you with a +0 halberd.
You block the gnoll's attack. The gnoll hits you with a +0 club.
You closely miss the gnoll.
The gnoll is lightly wounded.
You closely miss the gnoll. You completely miss the gnoll.
The gnoll misses you. You block the gnoll's attack.
The gnoll barely misses you.
The gnoll hits you from afar with a +0 spear.
* * * LOW HITPOINT WARNING * * *
You block the gnoll's attack. The gnoll barely misses you.
The gnoll hits you with a +0 halberd!
* * * LOW HITPOINT WARNING * * *
The gnoll hits you from afar with a +0 spear.
You die...

# #..#........
#...########
#.#..# # . #.##.#
#####+#.. .#
#.##.### #.......#
#
#.##...###..?....#
#.####.##........#
.. #.##.gg....# ##
#....@.g...#
###..g.....#
#...>....#
..........#
##.#.......#
..#.......#
##.##......# ..
...#####


You could see 4 gnolls.

Vanquished Creatures
  An adder (D:2)
  2 ribbon worms (D:2)
  A dart slug (D:1)
  6 endoplasms
  A giant cockroach (D:1)
  7 goblins
  7 hobgoblins
  2 quokkas (D:2)
  3 ball pythons
  2 bats (D:1)
  2 frilled lizards (D:1)
  5 kobolds
  3 rats
42 creatures vanquished.

Notes
Turn   | Place    | Note
-------+----------+-------------------------------------------
     0 | D:1      | Remcycle the Formicid Fighter began the quest for the Orb.
     0 | D:1      | Reached XP level 1. HP: 18/18 MP: 1/1
   111 | D:1      | Reached XP level 2. HP: 23/24 MP: 2/2
   528 | D:1      | Found Adwodgh's Jewellery Boutique.
   757 | D:1      | Reached XP level 3. HP: 29/29 MP: 3/3
  1416 | D:2      | Reached XP level 4. HP: 35/35 MP: 4/4
  1419 | D:2      | Identified the -1 cloak of the Present {Rampage *Corrode
                  | Str+3}
  1837 | D:3      | HP: 1/35 [gnoll/+0 halberd (8)]
  1837 | D:3      | Slain by a gnoll

Illustrated notes

Levels and vault maps discovered:
D:1:      evilmike_arrival_crescent, layout_loops_corners, serial_shops, shop,
          minmay_fountain_box, roderic_lattice_a
D:2:      layout_loops_ring
D:3:      layout_basic, cheibrodos_sewer_entry_bend, uniq_grinder

Skill      XL: |  1  2  3 |
---------------+----------+-----
Axes           | 3 4 |  4.3
Fighting       | |  3.2
Armour         | |  3.2
Shields        | |  4.0

Action                     |  1- 3 |  4- 6 || total
---------------------------+-------+-------++-------
  Melee: War axe           |    82 |    26 ||   108
 Armour: Scale mail        |    41 |    21 ||    62
  Dodge: Dodged            |    27 |    21 ||    48
  Block: Buckler           |    25 |    10 ||    35

Table legend: (Time is in decaauts)
 A = Elapsed time spent in this place.
 B = Non-inter-level travel time spent in this place.
 C = Inter-level travel time spent in this place.
 D = Time resting spent in this place.
 E = Time spent auto-exploring this place.
 F = Levels seen in this place.
 G = Mean time per level.
                   A        B        C        D        E       F      G
               +--------+--------+--------+--------+--------+-----+--------+
         Total |   1875 |   1848 |     27 |      0 |   1539 |   3 |  625.0 |
       Dungeon |   1875 |   1848 |     27 |      0 |   1539 |   3 |  625.0 |
               +--------+--------+--------+--------+--------+-----+--------+

Top non-repeatable levels by time:
     D:1: 1004 daAuts
     D:2: 788 daAuts
     D:3: 82 daAuts
